TOP OF THE 1ST |
Oklahoma State Cowboys batting - Pitching for Saint John's Red Storm : RHP Brady Adkins
|
Pitching: RHP Brady Adkins
|
|
Batting: RHB Derrek Lane
|
0-0: Ball 1-0: Ball 2-0: Bunt for hit - play at first, batter OUT! 1-3
|
Batting: SHB Ernest Hood
|
0-0: Ball 1-0: Ball 2-0: Called Strike 2-1: Foul Ball, location: 2F 2-2: Ball 3-2: Strikes out swinging
|
Batting: LHB Bill Bryan
|
0-0: Called Strike 0-1: Swinging Strike 0-2: Foul Ball, location: 2F 0-2: Foul Ball, location: 2F 0-2: Foul Ball, location: 2F 0-2: Strikes out swinging
|
Top of the 1st over - 0 run(s), 0 hit(s), 0 error(s), 0 left on base; Oklahoma State 0 - Saint John's 0 |
BOTTOM OF THE 1ST |
Saint John's Red Storm batting - Pitching for Oklahoma State Cowboys : RHP Landon Bailey
|
Pitching: RHP Landon Bailey
|
|
Batting: SHB Roderick Thurman
|
0-0: Ball 1-0: Ball 2-0: Fly out, F8 (Flyball, 8LS)
|
Batting: SHB Richard Coupland
|
0-0: Called Strike 0-1: SINGLE (Line Drive, 89S)
|
Batting: LHB Richard Shelton
|
0-0: Called Strike Pickoff Throw by Catcher to First - Out! 0-1: Swinging Strike 0-2: Foul Ball, location: 2F 0-2: Foul Ball, location: 2F 0-2: Ball 1-2: Foul Ball, location: 2F 1-2: Foul Ball, location: 2F 1-2: Strikes out looking
|
Bottom of the 1st over - 0 run(s), 1 hit(s), 0 error(s), 0 left on base; Oklahoma State 0 - Saint John's 0 |
TOP OF THE 2ND |
Oklahoma State Cowboys batting - Pitching for Saint John's Red Storm : RHP Brady Adkins
|
Batting: SHB Jacob Lachance
|
0-0: Ball 1-0: Called Strike 1-1: Ball 2-1: Called Strike 2-2: Foul Ball, location: 2F 2-2: SINGLE (Groundball, 3D)
|
Batting: RHB Burt Sharp
|
0-0: Ball 1-0: SINGLE (Line Drive, 78S) Jacob Lachance to second
|
Batting: RHB Dennis Ingram
|
0-0: Foul Ball, location: 2F 0-1: Ball 1-1: Foul Ball, location: 2F 1-2: Strikes out swinging
|
Batting: RHB Larry Young
|
0-0: Called Strike 0-1: Swinging Strike 0-2: Foul Ball, location: 2F 0-2: Strikes out swinging
|
Batting: SHB Myles Hopkins
|
0-0: Ball 1-0: Ball 2-0: Foul Ball, location: 2F 2-1: Foul Ball, location: 2F 2-2: Strikes out swinging
|
Top of the 2nd over - 0 run(s), 2 hit(s), 0 error(s), 2 left on base; Oklahoma State 0 - Saint John's 0 |
BOTTOM OF THE 2ND |
Saint John's Red Storm batting - Pitching for Oklahoma State Cowboys : RHP Landon Bailey
|
Batting: RHB Fred Wagner
|
0-0: Called Strike 0-1: Called Strike 0-2: Strikes out swinging
|
Batting: RHB Jeffery Evans
|
0-0: Ball 1-0: Fly out, F2 (Popup, 23)
|
Batting: RHB Mark Lester
|
0-0: Ball 1-0: Ball 2-0: Called Strike 2-1: Ground out 6-3 (Groundball, 6MS)
|
Bottom of the 2nd over - 0 run(s), 0 hit(s), 0 error(s), 0 left on base; Oklahoma State 0 - Saint John's 0 |
TOP OF THE 3RD |
Oklahoma State Cowboys batting - Pitching for Saint John's Red Storm : RHP Brady Adkins
|
Batting: RHB Doug Wells
|
0-0: Ball 1-0: Ball 2-0: Called Strike 2-1: Ball 3-1: Called Strike 3-2: Foul Ball, location: 2F 3-2: Base on Balls
|
Batting: RHB Derrek Lane
|
0-0: Foul Ball, location: 2F 0-1: Foul Ball, location: 2F 0-2: Foul Ball, location: 2F 0-2: Fly out, F8 (Flyball, 89M)
|
Batting: SHB Ernest Hood
|
0-0: Called Strike 0-1: Fielders Choice at 2nd, 1-6 (Groundball, 13S)
|
Batting: LHB Bill Bryan
|
0-0: SINGLE (Groundball, 34D) Ernest Hood to second Runner from 2nd tries for 3rd, SAFE, throw made to third Bill Bryan to second
|
Batting: SHB Jacob Lachance
|
0-0: Called Strike 0-1: Swinging Strike 0-2: Ball 1-2: Foul Ball, location: 2F 1-2: Ground out 5-3 (Groundball, 5)
|
Top of the 3rd over - 0 run(s), 1 hit(s), 0 error(s), 2 left on base; Oklahoma State 0 - Saint John's 0 |
BOTTOM OF THE 3RD |
Saint John's Red Storm batting - Pitching for Oklahoma State Cowboys : RHP Landon Bailey
|
Batting: SHB Ray O'Dell
|
0-0: Called Strike 0-1: Ball 1-1: Foul Ball, location: 2F 1-2: Strikes out swinging
|
Batting: LHB Larry Bradley
|
0-0: Ball 1-0: Swinging Strike 1-1: Ball 2-1: Ball 3-1: Called Strike 3-2: Strikes out swinging
|
Batting: RHB Pete King
|
0-0: Called Strike 0-1: Ball 1-1: Ball 2-1: Ball 3-1: Ground out 5-3 (Groundball, 5S)
|
Bottom of the 3rd over - 0 run(s), 0 hit(s), 0 error(s), 0 left on base; Oklahoma State 0 - Saint John's 0 |
TOP OF THE 4TH |
Oklahoma State Cowboys batting - Pitching for Saint John's Red Storm : RHP Brady Adkins
|
Batting: RHB Burt Sharp
|
0-0: Swinging Strike 0-1: Ball 1-1: Ball 2-1: Ground out 3-1 (Groundball, 34S)
|
Batting: RHB Dennis Ingram
|
0-0: Called Strike 0-1: Ball 1-1: Ball 2-1: Called Strike 2-2: Strikes out swinging
|
Batting: RHB Larry Young
|
0-0: Ball 1-0: Foul Ball, location: 2F 1-1: Called Strike 1-2: Reached on error, E6 (Groundball, 6)
|
Batting: SHB Myles Hopkins
|
0-0: Ball 1-0: Called Strike 1-1: 2-RUN HOME RUN (Flyball, 89XD), Distance : 385 ft
|
Batting: RHB Doug Wells
|
0-0: Ball 1-0: Ground out 6-3 (Groundball, 6)
|
Top of the 4th over - 2 run(s), 1 hit(s), 1 error(s), 0 left on base; Oklahoma State 2 - Saint John's 0 |
BOTTOM OF THE 4TH |
Saint John's Red Storm batting - Pitching for Oklahoma State Cowboys : RHP Landon Bailey
|
Batting: SHB Roderick Thurman
|
0-0: Swinging Strike 0-1: Ball 1-1: Foul Ball, location: 2F 1-2: Strikes out swinging
|
Batting: SHB Richard Coupland
|
0-0: Called Strike 0-1: Swinging Strike 0-2: Ball 1-2: Ball 2-2: Foul Ball, location: 2F 2-2: Foul Ball, location: 2F 2-2: Strikes out swinging
|
Batting: LHB Richard Shelton
|
0-0: Called Strike 0-1: Swinging Strike 0-2: Strikes out swinging
|
Bottom of the 4th over - 0 run(s), 0 hit(s), 0 error(s), 0 left on base; Oklahoma State 2 - Saint John's 0 |
TOP OF THE 5TH |
Oklahoma State Cowboys batting - Pitching for Saint John's Red Storm : RHP Brady Adkins
|
Batting: RHB Derrek Lane
|
0-0: Bunted foul 0-1: Ball 1-1: Called Strike 1-2: Ball 2-2: Ball 3-2: Strikes out swinging
|
Batting: SHB Ernest Hood
|
0-0: Ball 1-0: SINGLE (Groundball, 3D)
|
Pitching: RHP Scott Hall
|
|
Batting: LHB Bill Bryan
|
0-0: Called Strike 0-1: Swinging Strike 0-2: Ball Ernest Hood steals 2nd base 1-2: Ball 2-2: Foul Ball, location: 2F 2-2: Foul Ball, location: 2F 2-2: Foul Ball, location: 2F 2-2: Foul Ball, location: 2F 2-2: Ball 3-2: Intentional Walk
|
Batting: SHB Jacob Lachance
|
0-0: Ball 1-0: Swinging Strike 1-1: Ball 2-1: Foul Ball, location: 2F 2-2: Foul Ball, location: 2F 2-2: Reached on error, E3 (Groundball, 3L) Ernest Hood to third Bill Bryan to second
|
Batting: RHB Burt Sharp
|
0-0: Called Strike 0-1: Foul Ball, location: 2F 0-2: Ball 1-2: Foul Ball, location: 2F 1-2: Ball 2-2: Ball 3-2: Foul Ball, location: 2F 3-2: SINGLE (Line Drive, 9LS) Ernest Hood scores Bill Bryan to third Jacob Lachance to second Runner from 3rd tries for Home, SAFE, no throw
|
Batting: RHB Dennis Ingram
|
0-0: Ball Jacob Lachance steals 3rd base Burt Sharp to second 1-0: Called Strike 1-1: Swinging Strike 1-2: Ground out 5-3 (Groundball, 56) Jacob Lachance scores
|
Batting: RHB Larry Young
|
0-0: Ball 1-0: Ball 2-0: Called Strike 2-1: Ball 3-1: Swinging Strike 3-2: Foul Ball, location: 2F 3-2: Foul Ball, location: 2F 3-2: Strikes out swinging
|
Top of the 5th over - 3 run(s), 2 hit(s), 1 error(s), 1 left on base; Oklahoma State 5 - Saint John's 0 |
BOTTOM OF THE 5TH |
Saint John's Red Storm batting - Pitching for Oklahoma State Cowboys : RHP Landon Bailey
|
Batting: RHB Fred Wagner
|
0-0: Called Strike 0-1: Foul Ball, location: 2F 0-2: Strikes out swinging
|
Batting: RHB Jeffery Evans
|
0-0: Swinging Strike 0-1: Called Strike 0-2: Strikes out swinging
|
Batting: RHB Mark Lester
|
0-0: SINGLE (Line Drive, 78M)
|
Batting: SHB Ray O'Dell
|
0-0: Called Strike 0-1: Ball 1-1: Ball 2-1: Swinging Strike 2-2: Fly out, F8 (Flyball, 8RM)
|
Bottom of the 5th over - 0 run(s), 1 hit(s), 0 error(s), 1 left on base; Oklahoma State 5 - Saint John's 0 |
TOP OF THE 6TH |
Oklahoma State Cowboys batting - Pitching for Saint John's Red Storm : RHP Scott Hall
|
Batting: SHB Myles Hopkins
|
0-0: Foul Ball, location: 2F 0-1: Fly out, F8 (Flyball, 8RM)
|
Batting: RHB Doug Wells
|
0-0: Ball 1-0: Ball 2-0: DOUBLE (Line Drive, 7LM)
|
Batting: RHB Derrek Lane
|
0-0: Intentional Walk
|
Batting: SHB Ernest Hood
|
0-0: Fly out, F8 (Flyball, 89M)
|
Batting: LHB Bill Bryan
|
0-0: Ball 1-0: Called Strike 1-1: Ball 2-1: Fly out, F6 (Line Drive, 6)
|
Top of the 6th over - 0 run(s), 1 hit(s), 0 error(s), 2 left on base; Oklahoma State 5 - Saint John's 0 |
BOTTOM OF THE 6TH |
Saint John's Red Storm batting - Pitching for Oklahoma State Cowboys : RHP Landon Bailey
|
Batting: LHB Larry Bradley
|
0-0: Ball 1-0: Swinging Strike 1-1: Foul Ball, location: 2F 1-2: Strikes out looking
|
Batting: RHB Pete King
|
0-0: Ball 1-0: SOLO HOME RUN (Flyball, 7D), Distance : 370 ft
|
Batting: SHB Roderick Thurman
|
0-0: Called Strike 0-1: Called Strike 0-2: Ball 1-2: SOLO HOME RUN (Flyball, 89XD), Distance : 388 ft
|
Batting: SHB Richard Coupland
|
0-0: Ball 1-0: Ball 2-0: Foul Ball, location: 2F 2-1: Swinging Strike 2-2: Foul Ball, location: 2F 2-2: Strikes out looking
|
Batting: LHB Richard Shelton
|
0-0: Called Strike 0-1: Ground out 4-3 (Groundball, 4)
|
Bottom of the 6th over - 2 run(s), 2 hit(s), 0 error(s), 0 left on base; Oklahoma State 5 - Saint John's 2 |
TOP OF THE 7TH |
Oklahoma State Cowboys batting - Pitching for Saint John's Red Storm : RHP Scott Hall
|
Batting: SHB Jacob Lachance
|
0-0: Ball 1-0: Called Strike 1-1: Foul Ball, location: 2F 1-2: Ball 2-2: Strikes out swinging
|
Pitching: RHP Jorge Rosário
|
|
Batting: RHB Burt Sharp
|
0-0: Ball 1-0: Ground out 1-3 (Groundball, 13S)
|
Batting: RHB Dennis Ingram
|
0-0: Ball 1-0: Ball 2-0: Swinging Strike 2-1: Ground out 1-3 (Groundball, 13S)
|
Top of the 7th over - 0 run(s), 0 hit(s), 0 error(s), 0 left on base; Oklahoma State 5 - Saint John's 2 |
BOTTOM OF THE 7TH |
Saint John's Red Storm batting - Pitching for Oklahoma State Cowboys : RHP Landon Bailey
|
Pitching: RHP Alfonso Rodríguez
|
|
Batting: RHB Fred Wagner
|
0-0: SINGLE (Groundball, 56D)
|
Batting: RHB Jeffery Evans
|
0-0: Ball 1-0: Ball 2-0: Ball 3-0: Called Strike 3-1: Foul Ball, location: 2F 3-2: Base on Balls Fred Wagner to second
|
Batting: RHB Mark Lester
|
0-0: Swinging Strike 0-1: Ball 1-1: Swinging Strike 1-2: Ball 2-2: Foul Ball, location: 2F 2-2: Ball 3-2: Foul Ball, location: 2F 3-2: Strikes out swinging
|
Batting: SHB Ray O'Dell
|
0-0: Foul Ball, location: 2F 0-1: Ball 1-1: Fielders Choice at 2nd, 4-6 (Groundball, 4D) Fred Wagner to third
|
Batting: LHB Larry Bradley
|
0-0: Ball 1-0: Ball 2-0: Called Strike 2-1: Ball 3-1: Base on Balls Ray O'Dell to second
|
Pinch Hitting: RHB Thomas Barnes
|
0-0: Ball 1-0: Foul Ball, location: 2F 1-1: Swinging Strike 1-2: Ball 2-2: Strikes out swinging
|
Bottom of the 7th over - 0 run(s), 1 hit(s), 0 error(s), 3 left on base; Oklahoma State 5 - Saint John's 2 |
TOP OF THE 8TH |
Oklahoma State Cowboys batting - Pitching for Saint John's Red Storm : RHP Jorge Rosário
|
Now at SS: Timothy McBride
|
|
Batting: RHB Larry Young
|
0-0: Ball 1-0: Ball 2-0: Ball 3-0: Ground out 6-3 (Groundball, 56)
|
Batting: SHB Myles Hopkins
|
0-0: Foul Ball, location: 2F 0-1: Called Strike 0-2: Ball 1-2: Ball 2-2: SINGLE (Line Drive, 8LS)
|
Batting: RHB Doug Wells
|
0-0: Ball 1-0: Called Strike 1-1: Ball 2-1: Called Strike 2-2: Ball 3-2: Base on Balls Myles Hopkins to second
|
Batting: RHB Derrek Lane
|
0-0: SINGLE (Groundball, 6MD) Myles Hopkins to third Doug Wells to second Runner from 3rd tries for Home, SAFE, no throw
|
Batting: SHB Ernest Hood
|
0-0: Ball 1-0: Foul Ball, location: 2F 1-1: Called Strike 1-2: Ball 2-2: Strikes out swinging
|
Batting: LHB Bill Bryan
|
0-0: Ball 1-0: Foul Ball, location: 2F 1-1: Called Strike 1-2: Fly out, F8 (Flyball, 8RM)
|
Top of the 8th over - 1 run(s), 2 hit(s), 0 error(s), 2 left on base; Oklahoma State 6 - Saint John's 2 |
BOTTOM OF THE 8TH |
Saint John's Red Storm batting - Pitching for Oklahoma State Cowboys : RHP Alfonso Rodríguez
|
Batting: SHB Roderick Thurman
|
0-0: Ball 1-0: Ball 2-0: Ball 3-0: Base on Balls
|
Batting: SHB Richard Coupland
|
0-0: SINGLE (Flyball, 8LS) Roderick Thurman to second Runner from 2nd tries for 3rd, SAFE, no throw
|
Pitching: LHP Alan Stewart
|
|
Batting: LHB Richard Shelton
|
0-0: Ball 1-0: Called Strike 1-1: Foul Ball, location: 2F 1-2: Ball 2-2: Ball 3-2: Ground out 4-3 (Groundball, 34D) Roderick Thurman scores Richard Coupland to second
|
Pitching: RHP Artie McDaniel
|
|
Batting: RHB Fred Wagner
|
0-0: Swinging Strike 0-1: Foul Ball, location: 2F 0-2: Ball 1-2: Ball 2-2: Ground out 4-3 (Groundball, 34D) Richard Coupland to third
|
Batting: RHB Jeffery Evans
|
0-0: Foul Ball, location: 2F 0-1: Ball 1-1: Called Strike 1-2: Foul Ball, location: 2F 1-2: Fly out, F9 (Flyball, 9S)
|
Bottom of the 8th over - 1 run(s), 1 hit(s), 0 error(s), 1 left on base; Oklahoma State 6 - Saint John's 3 |
TOP OF THE 9TH |
Oklahoma State Cowboys batting - Pitching for Saint John's Red Storm : RHP Jorge Rosário
|
Pitching: LHP Leonard Herrera
|
|
Batting: SHB Jacob Lachance
|
0-0: Called Strike 0-1: Swinging Strike 0-2: Ball 1-2: Foul Ball, location: 2F 1-2: SINGLE (Flyball, 9LS)
|
Batting: RHB Burt Sharp
|
0-0: Fly out, F9 (Flyball, 89S)
|
Batting: RHB Dennis Ingram
|
0-0: Ball 1-0: Ball 2-0: Foul Ball, location: 2F 2-1: Called Strike 2-2: Ground out 5-3 (Groundball, 56S) Jacob Lachance to second
|
Batting: RHB Larry Young
|
0-0: Ground out 5-3 (Groundball, 5)
|
Top of the 9th over - 0 run(s), 1 hit(s), 0 error(s), 1 left on base; Oklahoma State 6 - Saint John's 3 |
BOTTOM OF THE 9TH |
Saint John's Red Storm batting - Pitching for Oklahoma State Cowboys : RHP Artie McDaniel
|
Pitching: RHP Bob Grissom
|
|
Batting: RHB Mark Lester
|
0-0: Called Strike 0-1: Ball 1-1: Ball 2-1: Ball 3-1: Foul Ball, location: 2F 3-2: Foul Ball, location: 2F 3-2: Foul Ball, location: 2F 3-2: Base on Balls
|
Batting: SHB Ray O'Dell
|
0-0: Called Strike 0-1: Ball 1-1: Ball 2-1: SINGLE (Line Drive, 9LS) Mark Lester to second
|
Batting: LHB Larry Bradley
|
0-0: Ball 1-0: Ball 2-0: Ball 3-0: Called Strike 3-1: Base on Balls Mark Lester to third Ray O'Dell to second
|
Batting: SHB Timothy McBride
|
0-0: Ground out 3-1 (Groundball, 34S) Mark Lester scores Ray O'Dell to third Larry Bradley to second
|
Batting: SHB Roderick Thurman
|
0-0: Ball 1-0: Ball 2-0: Foul Ball, location: 2F 2-1: Foul Ball, location: 2F 2-2: Ball 3-2: Base on Balls
|
Batting: SHB Richard Coupland
|
0-0: Foul Ball, location: 2F 0-1: Called Strike 0-2: Strikes out swinging
|
Batting: LHB Richard Shelton
|
0-0: Called Strike 0-1: Fly out, F8 (Flyball, 8RM)
|
Bottom of the 9th over - 1 run(s), 1 hit(s), 0 error(s), 3 left on base; Oklahoma State 6 - Saint John's 4 |
|